 Dungeon Crawl Stone Soup version 0.20-a0-1058-g0491fde (webtiles) character file.

195979 kuniqs the Fighter (level 18, -7/158 HPs)
             Began as a Gnoll Fighter on Apr 26, 2017.
             Was a High Priest of Wu Jian.
             Mangled by Donald
             ... wielding a +1 demon trident of draining
              (21 damage)
             ... on level 3 of the Elven Halls on Apr 27, 2017.
             The game lasted 01:22:24 (32044 turns).

kuniqs the Fighter (Gnoll Fighter)                 Turns: 32044, Time: 01:22:24

Health: -7/158     AC: 24    Str: 15    XL:     18   Next: 80%
Magic:  25/25      EV: 14    Int: 10    God:    Wu Jian [*****.]
Gold:   2165       SH: 11    Dex: 20    Spells: 29/31 levels left

rFire    . . .     SeeInvis .   D - +5 short sword (venom)
rCold    . . .     Gourm    .   c - +0 shield
rNeg     . . .     Faith    .   t - +9 ring mail "Uroklomu" {+Inv rElec}
rPois    .         Spirit   .   X - +1 hat {MR+}
rElec    +         Reflect  .   h - +2 cloak
rCorr    .         Harm     .   p - +2 pair of gloves
MR       +++..                  m - +0 pair of boots
Stlth    +.........             S - amulet of Vitality {Regen+ HP+15}
Regen    0.8/turn               v - ring of protection from magic
MPRegen  0.2/turn               R - ring of protection from magic

@: exhausted, glowing, very heavily drained, heavenly storm
A: short attention span, fangs 1, horns 1, low mp 1, strong nose
a: Serpent's Lash, Heavenly Storm, Renounce Religion, Evoke Invisibility


You were on level 3 of the Elven Halls.
You worshipped Wu Jian.
Wu Jian was extremely pleased with you.
You were hungry.

You visited 6 branches of the dungeon, and saw 31 of its levels.
You also visited: Ice Cave.

You collected 2891 gold pieces.
You spent 726 gold pieces at shops.

Inventory:

Hand Weapons
 D - a +5 short sword of venom (weapon)
 N - the +4 short sword "Helouggeoh" {antimagic, Str+6}
   (You found it on level 14 of the Dungeon)

   It reduces the magical energy of the wielder, and disrupts the spells and
   magical abilities of those hit.
   Natural abilities and divine invocations are not affected.
   It affects your strength (+6).
Missiles
 B - 4 throwing nets (quivered)
Armour
 c - a +0 shield (worn)
 h - a +2 cloak (worn)
 m - a +0 pair of boots (worn)
 p - a +2 pair of gloves (worn)
 t - the +9 ring mail "Uroklomu" (worn) {+Inv rElec}
   (You bought it in a shop on level 7 of the Dungeon)

   It insulates you from electricity.
   It lets you turn invisible.
 X - a +1 hat of magic resistance (worn)
Jewellery
 v - a ring of protection from magic (left hand)
 F - an uncursed ring of protection from cold
 R - a ring of protection from magic (right hand)
 S - the amulet of Vitality (around neck) {Regen+ HP+15}
   (You took it off a meliai on level 4 of the Lair of Beasts)

   [amulet of regeneration]

   It affects your health (+15).
   It increases your rate of regeneration.
 Z - the amulet of Zyvuosun {Reflect MR+ Dex+3 SH+5}
   (You found it on level 12 of the Dungeon)

   [amulet of reflection]

   It shields you and reflects attacks.
   It affects your dexterity (+3).
   It affects your resistance to hostile enchantments.
   It affects your SH (+5).
Wands
 j - a wand of confusion (24/48)
 G - a wand of lightning (1/15)
 H - a wand of acid (4/15)
 I - a wand of lightning (4/15)
 K - a wand of digging (10/24)
 L - a wand of scattershot (8/9)
 W - a wand of flame (26/48)
Scrolls
 a - 3 scrolls of recharging
 i - 7 scrolls of enchant armour
 l - 3 scrolls of remove curse {@r2}
 n - 17 scrolls of teleportation
 q - 8 scrolls of magic mapping
 x - 5 scrolls of blinking
 J - 6 scrolls of fog
 M - 3 scrolls of fear
 O - 9 scrolls of identify {@r1}
 Q - 2 scrolls of enchant weapon
 U - a scroll of immolation
Potions
 b - 5 potions of flight
 g - 9 potions of might
 k - a potion of resistance
 o - 3 potions of cancellation
 r - 14 potions of curing {@q1}
 u - 3 potions of heal wounds
 z - 5 potions of mutation
 E - 3 potions of lignification
 P - 3 potions of agility
 T - 2 potions of haste
 V - a potion of berserk rage
Miscellaneous
 w - a box of beasts
 y - a sack of spiders
 C - a lamp of fire
 Y - a fan of gales
Comestibles
 d - 18 bread rations
 e - 16 meat rations
 f - 20 fruits
 A - 15 royal jellies


   Skills:
 + Level 13.1(8.3) Fighting
 - Level 12.0(7.4) Short Blades
   Level 3.8(5.7) Long Blades
 - Level 11.0(6.4) Armour
 - Level 11.0(6.4) Dodging
 - Level 10.0(5.6) Stealth
 + Level 13.1(8.3) Shields
 - Level 7.0(2.9) Spellcasting
 - Level 7.1(2.9) Translocations
 - Level 9.0(4.7) Evocations


You had 29 spell levels left.
You knew the following spells:

 Your Spells              Type           Power        Failure   Level  Hunger
a - Blink                 Tloc           N/A          47%         2    ###....


Dungeon Overview and Level Annotations

Branches:
Dungeon (15/15)            Temple (1/1) D:7            Lair (6/6) D:9
  Swamp (0/4) Lair:2       Spider (4/4) Lair:2        Slime (0/5) Lair:6
    Orc (2/2) D:12            Elf (3/3) Orc:2        Vaults (0/5) D:13
 Depths (0/5) D:15

Altars:
Ashenzari
Cheibriados
Dithmenos
Gozag
Kikubaaqudgha
Nemelex Xobeh
Trog
Vehumet
Wu Jian
Xom
Beogh
Jiyva

Shops:
D:7 [%   D:8 :   D:10 *   D:12 [   Orc:2 =}?(?   Elf:3 }

Annotations:
D:4 exclusion: statue
D:12 exclusion: oklob plant
Spider:1 exclusion: Roxanne, Roxanne
Spider:4 exclusions: 3 doors and 3 more exclusions
Elf:3 Donald


Innate Abilities, Weirdness & Mutations

You have a short attention span.
You have very sharp teeth.
Your uncanny sense of smell can sniff out nearby items.
You have a pair of small horns on your head.
Your magical capacity is low. (-10% MP)


Message History

* * * LOW HITPOINT WARNING * * *
You feel drained.
* * * LOW HITPOINT WARNING * * *
You spin and attack Donald.
Donald blocks your attack.
You headbutt Donald! Donald misses you. You block Donald's attack.
You spin and attack Donald.
You hit Donald.
Donald hits you with a demon trident of draining.
* * * LOW HITPOINT WARNING * * *
You feel drained.
You spin and attack Donald repeatedly.
You hit Donald. You puncture Donald! Your headbutt misses Donald.
You bite Donald, but do no damage.
Donald says, "Why would you have your front door in a mine?
Stupid."
Donald hits you with a demon trident of draining.
* * * LOW HITPOINT WARNING * * *
You feel drained.
* * * LOW HITPOINT WARNING * * *
You spin and attack Donald.
Donald blocks your attack.
You headbutt Donald, but do no damage.
Donald hits you with a demon trident of draining!!
You die...

#≈≈.....+...........#
#≈≈..%.##.♣.........#
#≈≈....##...........#
#≈≈..$.##.....<.....#
#≈§§§§§##.......♣####
#≈§§§§§####....###...
#§§§§§§# ##..#.....
#§§@§§§# ####...(.
#§§§@§§# #§§§§§§#
#§§§§§§# #≈≈....#
#≈≈....# #≈≈....#
#≈≈....# #≈≈....#


You could see Donald.

Vanquished Creatures
  Arachne (Spider:4)
  Rupert (Lair:4)
  A deep elf blademaster (Elf:2)
  An orc warlord (Orc:2)
  A deep elf sorcerer (Elf:2)
  2 emperor scorpions
  2 entropy weavers
  3 spark wasps
  3 deep elf demonologists (Elf:2)
  A deep elf annihilator (Elf:1)
  A deep elf death mage (Elf:3)
  An ettin (D:13)
  Josephine (D:12)
  4 ogre magi (Orc:2)
  6 hydras
  Harold (Lair:4)
  5 centaur warriors
  The ghost of Shinoi the Thrower, a journeyman DsBe of Trog (D:9)
  A merfolk avatar (Lair:6)
  A death knight (D:12)
  22 two-headed ogres
  19 dancing weapons
  A death yak (Lair:4)
  Urug (D:15)
  An orc high priest (Elf:2)
  Nergalle (Orc:1)
  24 deep elf knights
  2 unseen horrors (D:15)
  An iron troll (D:13)
  A wizard (Elf:1)
  10 deep elf archers
  A harpy (Lair:6)
  A necromancer (D:15)
  An orc knight (Orc:1)
  A phantasmal warrior (D:12)
  3 wolf spider zombies
  A lindwurm (Lair:6)
  15 orb spiders
  4 orc sorcerers
  4 manticores
  49 deep elf magi
  9 ugly things
  20 wolf spiders
  2 cyclopes
  2 centaur zombies
  15 elephants
  5 black mambas
  A naga mage (D:15)
  A gargoyle (D:12)
  13 spiny frogs
  7 rime drakes
  7 komodo dragons
  A komodo dragon (shapeshifter) (Elf:2)
  A redback zombie (D:14)
  10 demonic crawlers
  7 trolls
  3 meliai (Lair:4)
  A tengu conjurer (Elf:1)
  3 polar bears (Lair:6)
  A queen bee (Lair:4)
  Prince Ribbit (D:6)
  19 jumping spiders
  A merfolk (D:10)
  3 hornets
  A queen bee (shapeshifter) (D:13)
  2 wind drakes (Lair:6)
  23 blink frogs
  6 slime creatures (D:15)
  5 dream sheep (Lair:5)
  10 hippogriffs
  Sigmund (D:3)
  2 air elementals
  A shadow (D:13)
  A centaur simulacrum (D:15)
  7 wraiths
  47 yaks
  60 redbacks
  A spriggan (D:10)
  31 tarantellas
  A vampire (D:14)
  4 water elementals
  5 wyverns
  Eustachio (D:6)
  4 fire elementals
  4 vampire mosquitoes (D:15)
  8 wargs
  3 hungry ghosts
  A soldier ant (D:13)
  17 water moccasins
  An acid dragon (D:15)
  Duvessa (D:5)
  10 porcupines
  4 sky beasts
  2 necrophages
  20 ice beasts
  18 orc warriors
  2 black bears
  3 phantoms
  44 ogres
  4 wolves (Lair:4)
  14 centaurs
  16 crocodiles
  23 bullfrogs
  A big kobold (D:14)
  Dowan (D:5)
  A wyvern skeleton (D:15)
  3 scorpions
  33 killer bees
  15 wights
  8 electric eels
  6 howler monkeys
  7 crimson imps
  2 bullfrog zombies
  A quasit (D:12)
  5 bullfrog skeletons
  4 hounds
  2 jellies
  A gnoll shaman (D:4)
  18 orc priests
  7 centaur skeletons
  3 iguanas
  21 orc wizards
  11 worker ants
  2 hound skeletons
  A worker ant zombie (D:8)
  14 adders
  6 gnolls
  A howler monkey skeleton (D:8)
  3 shadow imps
  3 oozes
  2 adder zombies
  4 worms
  2 dart slugs
  4 leopard geckos
  61 orcs
  A ball python (D:3)
  10 goblins
  5 hobgoblins
  5 jackals
  4 quokkas
  3 bats
  2 frilled lizards
  10 kobolds
  3 leopard gecko skeletons
  2 quokka zombies
  8 rats
1048 creatures vanquished.

Vanquished Creatures (others)
  3 deep elf knights
  2 deep elf magi (Elf:2)
  A black mamba (Lair:4)
  A tarantella (Spider:4)
  A boggart (Elf:1)
  A centaur (D:12)
  6 fungi
  4 plants
19 creatures vanquished.

Grand Total: 1067 creatures vanquished

Notes
Turn   | Place    | Note
-------+----------+-------------------------------------------
     0 | D:1      | kuniqs the Gnoll Fighter began the quest for the Orb.
     0 | D:1      | Reached XP level 1. HP: 20/20 MP: 1/1
   129 | D:1      | Reached XP level 2. HP: 26/26 MP: 2/2
   197 | D:1      | Reached skill level 1 in Dodging
   248 | D:1      | Found a shattered altar of Ashenzari.
   266 | D:1      | Reached skill level 1 in Stealth
   550 | D:2      | Reached XP level 3. HP: 26/31 MP: 3/3
   930 | D:2      | Reached skill level 5 in Fighting
   930 | D:2      | Reached XP level 4. HP: 35/39 MP: 4/4
  1419 | D:3      | Reached skill level 5 in Armour
  1419 | D:3      | Reached skill level 5 in Shields
  1419 | D:3      | Reached XP level 5. HP: 42/44 MP: 5/5
  1471 | D:3      | Noticed Sigmund
  1517 | D:3      | Killed Sigmund
  1517 | D:3      | Reached skill level 5 in Short Blades
  1517 | D:3      | Reached XP level 6. HP: 13/52 MP: 6/6
  2449 | D:4      | Reached XP level 7. HP: 39/58 MP: 7/7
  2730 | D:4      | Found a radiant altar of Vehumet.
  3117 | D:5      | Entered Level 5 of the Dungeon
  3237 | D:5      | Reached skill level 5 in Stealth
  3254 | D:5      | Reached XP level 8. HP: 35/65 MP: 8/8
  3762 | D:5      | Noticed Dowan
  3765 | D:5      | Noticed Duvessa
  3794 | D:5      | Killed Duvessa
  3801 | D:5      | Killed Dowan
  3801 | D:5      | Reached skill level 5 in Dodging
  4061 | D:6      | Noticed Eustachio
  4170 | D:6      | Noticed Prince Ribbit
  4282 | D:6      | Killed Prince Ribbit
  4282 | D:6      | Reached XP level 9. HP: 51/73 MP: 9/9
  4314 | D:6      | Killed Eustachio
  4605 | D:6      | Gained mutation: You are dopey. (Int -2) [potion of mutation]
  4605 | D:6      | Gained mutation: You are agile. (Dex +2) [potion of mutation]
  4605 | D:6      | Gained mutation: You have a pair of small antennae on your head. [potion of mutation]
  4641 | D:6      | HP: 3/74 [ogre/giant club (25)]
  4744 | D:5      | Lost mutation: You are dopey. (Int -2) [mutagenic meat]
  5410 | D:7      | Found Xonweschuwn's Food Shop.
  5617 | D:7      | Found a staircase to the Ecumenical Temple.
  5623 | Temple   | Entered the Ecumenical Temple
  5657 | Temple   | Became a worshipper of the Wu Jian Council
  5682 | D:7      | Found Xenun's Antique Armour Shop.
  5685 | D:7      | Bought a distressingly furry ring mail for 162 gold pieces
  5685 | D:7      | Bought a steaming ring mail for 162 gold pieces
  5985 | D:8      | Found Pukloum's Book Shoppe.
  6073 | D:8      | Identified the +5 ring mail "Nofrobac" {Stlth+} (You bought it in a shop on level 7 of the Dungeon)
  6118 | D:8      | Identified the +9 ring mail "Uroklomu" {+Inv rElec} (You bought it in a shop on level 7 of the Dungeon)
  6331 | D:8      | Reached XP level 10. HP: 82/82 MP: 10/10
  6342 | D:8      | Found a shadowy altar of Dithmenos.
  6366 | D:8      | Reached skill level 1 in Evocations
  6654 | D:9      | Noticed Shinoi's ghost (journeyman DsBe)
  6904 | D:9      | Killed Shinoi's ghost
  7377 | D:9      | Reached * piety under Wu Jian
  7513 | D:9      | Found a staircase to the Lair.
  8197 | D:10     | Entered Level 10 of the Dungeon
  8199 | D:10     | Found Fefoipliut's General Store.
  8219 | D:10     | Bought a scroll of magic mapping for 49 gold pieces
  8751 | D:10     | Reached ** piety under Wu Jian
  8768 | D:10     | Reached XP level 11. HP: 89/89 MP: 14/14
  9067 | D:10     | Noticed a two-headed ogre
  9087 | D:10     | Killed a two-headed ogre
  9087 | D:10     | Reached skill level 5 in Evocations
  9297 | D:10     | Noticed a purple ugly thing
  9310 | D:10     | Killed a purple ugly thing
  9960 | D:11     | Noticed a two-headed ogre
  9968 | D:11     | Killed a two-headed ogre
 10162 | D:11     | Noticed a two-headed ogre
 10179 | D:11     | Killed a two-headed ogre
 10196 | D:11     | Reached *** piety under Wu Jian
 10603 | D:12     | Found a shimmering altar of Xom.
 10603 | D:12     | Noticed an oklob plant
 10671 | D:12     | Found a staircase to the Orcish Mines.
 10672 | D:12     | Noticed a phantasmal warrior
 10777 | D:12     | Noticed a centaur warrior
 10791 | D:12     | Killed a centaur warrior
 10980 | D:12     | Killed a phantasmal warrior
 10980 | D:12     | Reached XP level 12. HP: 32/96 MP: 15/17
 11272 | D:12     | Noticed a death knight
 11451 | Lair:1   | Entered Level 1 of the Lair of Beasts
 11779 | Lair:1   | Noticed Sonja
 11780 | Lair:1   | Noticed Sonja
 11780 | Lair:1   | Sonja changed into Sonja the orb spider
 11790 | Lair:1   | Killed Sonja the orb spider
 12343 | Lair:1   | Reached **** piety under Wu Jian
 12537 | Lair:2   | Found a staircase to the Swamp.
 13017 | Lair:2   | Found a hole to the Spider Nest.
 13383 | Lair:2   | Reached skill level 10 in Fighting
 13414 | Lair:2   | Reached skill level 10 in Short Blades
 13722 | Lair:3   | Reached skill level 10 in Shields
 13776 | Lair:3   | Noticed an eight-headed hydra
 13783 | Lair:3   | Killed an eight-headed hydra
 13783 | Lair:3   | Reached XP level 13. HP: 103/103 MP: 19/19
 14377 | Lair:4   | Reached skill level 10 in Armour
 14406 | Lair:4   | Reached ***** piety under Wu Jian
 14912 | Lair:4   | Reached skill level 10 in Stealth
 15016 | Lair:4   | Noticed Harold
 15037 | Lair:4   | Killed Harold
 15252 | Lair:4   | Noticed Rupert
 15280 | Lair:4   | Killed Rupert
 15280 | Lair:4   | Reached skill level 10 in Dodging
 15990 | Lair:5   | Reached XP level 14. HP: 104/111 MP: 20/20
 16157 | Lair:5   | Reached ****** piety under Wu Jian
 16857 | Lair:6   | Entered Level 6 of the Lair of Beasts
 17250 | Lair:6   | Lost mutation: You have a pair of small antennae on your head. [potion of mutation]
 17250 | Lair:6   | Lost mutation: You are agile. (Dex +2) [potion of mutation]
 17250 | Lair:6   | Gained mutation: Your magical capacity is low. (-10% MP) [potion of mutation]
 17250 | Lair:6   | Gained mutation: You have a pair of small horns on your head. [potion of mutation]
 17575 | Lair:6   | Found a viscous altar of Jiyva.
 17575 | Lair:6   | Found a staircase to the Slime Pits.
 18328 | D:12     | Found Epsios's Armour Shop.
 18334 | D:12     | Bought a +1 hat of magic resistance for 256 gold pieces
 18402 | D:12     | Got a bound platinum amulet
 18403 | D:12     | Identified the amulet of Zyvuosun {Reflect MR+ Dex+3 SH+5} (You found it on level 12 of the Dungeon)
 18626 | D:12     | Reached XP level 15. HP: 118/118 MP: 19/19
 18801 | Orc:1    | Entered Level 1 of the Orcish Mines
 18831 | Orc:1    | Noticed Josephine
 18850 | D:12     | Killed Josephine
 19127 | Orc:1    | Noticed Nergalle
 19150 | Orc:1    | Killed Nergalle
 19361 | Orc:2    | Entered Level 2 of the Orcish Mines
 19361 | Orc:2    | Found a staircase to the Elven Halls.
 19361 | Orc:2    | Found Tytavu's Magic Scroll Shop.
 19380 | Orc:2    | Found a roughly hewn altar of Beogh.
 19550 | Orc:2    | Found a frozen archway.
 19565 | IceCv    | Entered an ice cave
 19782 | Orc:2    | Found Asipneck's Magic Scroll Shoppe.
 19782 | Orc:2    | Found Atiff's Jewellery Shop.
 19782 | Orc:2    | Found Vestriomm's Antique Weapon Boutique.
 19782 | Orc:2    | Found Ovigonill's Gadget Shoppe.
 19933 | Orc:2    | Bought a scroll of enchant weapon for 97 gold pieces
 20033 | Orc:2    | Noticed an orc warlord
 20084 | Orc:2    | Killed an orc warlord
 20469 | Orc:2    | Found a bloodstained altar of Trog.
 20904 | D:13     | Learned a level 2 spell: Blink
 20946 | D:13     | Reached skill level 1 in Long Blades
 21013 | D:13     | Reached skill level 1 in Translocations
 21075 | D:13     | Reached skill level 1 in Spellcasting
 21199 | D:13     | Reached XP level 16. HP: 126/126 MP: 20/20
 21207 | D:13     | Found a gate to the Vaults.
 22086 | D:14     | Got an ancient short sword
 22087 | D:14     | Identified the +4 short sword "Helouggeoh" {antimagic, Str+6} (You found it on level 14 of the Dungeon)
 22225 | D:15     | Entered Level 15 of the Dungeon
 22402 | D:15     | Noticed Urug
 22414 | D:15     | Killed Urug
 22580 | D:15     | Reached skill level 5 in Translocations
 22727 | D:15     | Reached skill level 5 in Spellcasting
 22774 | D:15     | Found a staircase to the Depths.
 23321 | Spider:1 | Entered Level 1 of the Spider Nest
 23659 | Spider:1 | Noticed Roxanne
 23784 | Spider:1 | HP: 5/142 [disintegration (48)]
 25011 | Spider:2 | Reached XP level 17. HP: 133/133 MP: 24/24
 26854 | Spider:4 | Entered Level 4 of the Spider Nest
 27075 | Spider:4 | Noticed Arachne
 27568 | Spider:4 | Killed Arachne
 28031 | Elf:1    | Entered Level 1 of the Elven Halls
 29480 | Elf:2    | Reached XP level 18. HP: 141/141 MP: 25/25
 29487 | Elf:2    | Identified the cursed +1 scale mail of the Land of Plenty {Int+2} (You found it on level 2 of the Elven Halls)
 29694 | Elf:2    | Identified Royledib's Volume of the Entourage
 30325 | Elf:2    | Found a runed gate.
 30325 | Elf:2    | Found a runed gate.
 30325 | Elf:2    | Found a runed gate.
 30534 | Elf:2    | HP: 2/157 [something/shard of ice (47)]
 30865 | Elf:2    | Noticed a deep elf blademaster
 30876 | Elf:2    | Killed a deep elf blademaster
 31263 | Elf:3    | Entered Level 3 of the Elven Halls
 31637 | Elf:3    | Found Riet Nulil's Gadget Shoppe.
 32021 | Elf:3    | Noticed Donald
 32044 | Elf:3    | Mangled by Donald

Vault maps used:
D:1:      lemuel_arrival_muddy, nicolae_ashenzari_panopticon
D:3:      kennysheep_the_goblin_king, first_bread, dk_noncrumbling_4,
          uniq_sigmund
D:4:      vehumet_statue
D:5:      uniq_duvessa
D:6:      minmay_opposing_rooms, uniq_eustachio, uniq_prince_ribbit1
D:7:      temple_green, serial_shops, shop_statue,
          nicolae_shop_scaring_up_business
D:8:      serial_shops, nicolae_shop_temple_entry_statues_fountains,
          grunt_dithmenos_smoke_and_mirrors
D:9:      erik_lair_orcish_takeover
D:10:     serial_shops, nicolae_shop_statue_plus, hangedman_stone_soup
D:12:     david_orc_2, serial_shops, nicolae_shop_stone, nicolae_water_bricks,
          eino_tiny_chamber, lemuel_oklob_altar
D:13:     david_vaults_4
D:14:     minmay_staircase_statues
D:15:     grunt_enter_depths_magical_seal, serial_glass, glass_columns_b,
          glass_columns_a, glass_columns_b, feat_on_display,
          due_unseen_surprise, item_on_display_a, minmay_strange_pillars,
          uniq_urug
Temple:   minmay_crystal_snake_temple
Lair:1:   grunt_megastairs_2, uniq_sonja
Lair:2:   minmay_swamp_entry_worms, spider_nest_entry_a, beast_lair_carwin_6,
          grunt_megastairs_5
Lair:4:   regret_index_bee_streams, uniq_rupert, uniq_harold
Lair:5:   grunt_megastairs_1
Lair:6:   gammafunk_lair_ancient_temple, dpeg_slime_entry_enclosed_altar,
          serial_bayou_lagoon_b
Spider:1: uniq_roxanne
Spider:3: nicolae_spider_stair_cavern, nicolae_spider_cling_halls
Spider:4: spider_rune_water, uniq_arachne
Orc:1:    uniq_nergalle, uniq_josephine
Orc:2:    st_orc_ogre_mass, portal_ice_cave_entry_ice_beasts, serial_shops,
          shop, basic_altar, nicolae_orc_lava_tube, trog_book
Elf:1:    minmay_elf_arrival_summoners, hangedman_elf_disciples
Elf:2:    minmay_elf_demonology
Elf:3:    minmay_elf_hall_not_hex, serial_shops, shop, spider_trap,
          minmay_misc_feat_alley, uniq_donald
IceCv:    ice_cave_statue_garden_teleport

Skill      XL: |  1  2  3  4  5  6  7  8  9 10 11 12 13 14 15 16 17 18 |
---------------+-------------------------------------------------------+-----
Dodging        | 1 2 3 4 6 7 8 9 10 11 | 11.0
Stealth        | 1 2 3 4 5 6 7 8 9 10 | 10.0
Fighting       | 5 6 7 8 9 10 11 12 13 | 13.1
Short Blades   | 4 5 6 7 8 9 10 11 12 | 12.0
Armour         | 5 6 7 8 9 10 11 | 11.0
Shields        | 5 6 7 8 9 10 11 12 13 | 13.1
Evocations     | 4 6 8 9 |  9.0
Long Blades    | 2 3 |  3.8
Translocations | 2 7 |  7.1
Spellcasting   | 1 7 |  7.0

Action                   |  1- 3 |  4- 6 |  7- 9 | 10-12 | 13-15 | 16-18 || total
-------------------------+-------+-------+-------+-------+-------+-------++-------
Melee: Rapier            |    81 |   204 |   155 |       |       |       ||   440
       Bite              |     7 |    26 |    47 |   139 |   288 |   377 ||   884
       Dagger            |       |     4 |       |       |       |       ||     4
       Short sword       |       |       |   305 |  1042 |  2161 |  2737 ||  6245
       Headbutt          |       |       |       |       |   285 |   649 ||   934
       Broad axe         |       |       |       |       |    10 |       ||    10
Invok: Heavenly Storm    |       |       |       |       |     1 |     3 ||     4
       Serpent's Lash    |       |       |       |       |       |     1 ||     1
 Abil: Evoke Invisibilit |       |       |       |       |     1 |       ||     1
Evoke: Wand              |       |       |       |     6 |       |     4 ||    10
       Lamp of fire      |       |       |       |       |       |     1 ||     1
  Use: Scroll            |       |       |    17 |    11 |     5 |     8 ||    41
       Potion            |       |       |     5 |     1 |     2 |     1 ||     9
 Stab: Sleeping          |       |     2 |     5 |    24 |    34 |    31 ||    96
       Distracted        |       |       |     1 |     2 |    17 |     9 ||    29
  Eat: Chunk             |       |     5 |    16 |    25 |    26 |    31 ||   103
       Royal jelly       |       |       |     1 |       |     1 |     4 ||     6
Armor: Scale mail        |    44 |    26 |       |       |       |       ||    70
       Plate armour      |       |    14 |       |       |       |       ||    14
       Ring mail         |       |    52 |   141 |   159 |   338 |   594 ||  1284
       Skin              |       |     1 |       |       |       |       ||     1
Dodge: Dodged            |    27 |    53 |   193 |   245 |   655 |   891 ||  2064
Block: Shield            |    50 |    96 |   201 |   421 |   760 |   889 ||  2417
       Reflection        |       |       |       |     6 |       |       ||     6
